 Dungeon Crawl Stone Soup version 0.29-a0-925-g0a7a3d12f8 (webtiles) character file.

Game seed: 6218775225307399472

65 ragingrage the Charlatan (level 4, 0/27 HPs)
             Began as a Gargoyle Artificer on July 30, 2022.
             Killed by divine providence
             ... invoked by an orc priest
              (12 damage)
             ... on level 2 of the Dungeon.
             The game lasted 00:04:24 (2675 turns).

ragingrage the Charlatan (Gargoyle Artificer)       Turns: 2675, Time: 00:04:24

Health: 0/27       AC:  8    Str: 18    XL:     4   Next: 14%
Magic:  4/4        EV: 11    Int: 11    God:
Gold:   46         SH:  0    Dex: 10    Spells: 3/3 levels left

rFire   . . .      SeeInvis .   r - +0 spear
rCold   . . .      Faith    .   (no shield)
rNeg    + . .      Spirit   .   b - +0 leather armour
rPois   ∞          Reflect  .   (no helmet)
rElec   +          Harm     .   (no cloak)
rCorr   .          Rampage  .   k - +0 pair of gloves
Will    .....                   (no boots)
Stlth   +.........              (no amulet)
HPRegen 0.09/turn               j - ring of flight
MPRegen 0.09/turn               (no ring)

@: flying
A: sickness immunity, AC +3, negative energy resistance 1, electricity
resistance, torment resistance 1, petrification resistance
a: no special abilities


You were on level 2 of the Dungeon.
You visited 1 branch of the dungeon, and saw 2 of its levels.

You collected 46 gold pieces.

Inventory:

Hand Weapons
 r - a +0 spear (weapon)
Missiles
 m - 3 poisoned darts
Armour
 b - a +0 leather armour (worn)
 k - a +0 pair of gloves (worn)
Jewellery
 j - a ring of flight (left hand)
Wands
 c - a wand of flame (9) (quivered)
 d - a wand of charming (12)
 e - a wand of iceblast (9)
Scrolls
 f - a scroll of immolation {unknown}
 n - a scroll of brand weapon {unknown}
 q - 2 scrolls of teleportation {unknown}
Potions
 g - a potion of heal wounds {unknown}
 h - 2 potions of attraction {unknown}
 i - a potion of might {unknown}
 l - a potion of curing {unknown}
 o - a potion of mutation {unknown}
 p - a potion of brilliance {unknown}


   Skills:
 + Level 2.8 Fighting
 - Level 2.3 Armour
 - Level 1.0 Dodging
 - Level 1.3 Stealth
 + Level 3.5 Evocations


You had 3 spell levels left.
You didn't know any spells.
Your spell library contained the following spells:

 Spells                   Type           Power      Damage    Failure   Level
 Borgnjor's Revivificati  Necr           0%         N/A       100%        8
 Necromutation            Tmut/Necr      0%         N/A       100%        8
 Death's Door             Necr           0%         N/A       100%        9


Dungeon Overview and Level Annotations

Branches:
Dungeon (2/15)

Altars:
Dithmenos

Shops:
D:2 =*:[


Innate Abilities, Weirdness & Mutations

You are immune to sickness and miasma.
Your stone body is resilient. (AC +3)
You are immune to poison.
You resist negative energy. (rN+)
You are resistant to electric shocks. (rElec)
You are resistant to unholy torment.
You are immune to petrification.


Message History

q - 2 scrolls labelled TADAILL YCZUKHE (gained 1)
An orc priest is nearby!
An orc priest is nearby!
Aiming: Throw Flame
Press: ? - help, Q - select action, (/) - cycle Shift-Dir - straight line, f - orc priest
Aim: an orc priest, wielding a +0 falchion and wearing a +0 chain mail (wandering, hasn't noticed you, 79% to hit)
The puff of flame hits the orc priest but does no damage.
The orc priest shouts!
Aiming: Throw Flame
Press: ? - help, Q - select action, (/) - cycle Shift-Dir - straight line, f/p - orc priest
Aim: an orc priest, wielding a +0 falchion and wearing a +0 chain mail (79% to hit)
The puff of flame hits the orc priest!
The orc priest is severely wounded.
You hit the orc priest.
The orc priest is severely wounded.
You hit the orc priest but do no damage.
The orc priest is severely wounded.
The orc priest hits you with a +0 falchion!
You hit the orc priest but do no damage.
The orc priest is severely wounded.
You are engulfed in a cloud of scalding steam.
The orc priest splashes around in the water.
You barely miss the orc priest.
The orc priest is severely wounded.
The orc priest misses you.
You closely miss the orc priest.
The orc priest is severely wounded.
The orc priest closely misses you. The orc priest barely misses you.
You hit the orc priest.
The orc priest is severely wounded.
The orc priest invokes the aid of Beogh against you.
Pain shoots through your body!
You barely miss the orc priest.
The orc priest is severely wounded.
The orc priest closely misses you.
You barely miss the orc priest.
The orc priest is severely wounded.
The orc priest invokes the aid of Beogh against you.
Beogh smites you!
You die...

###+## ###.....≈≈
#≈≈...... ## ≈.......
.### #...... ≈P.[##
≈###....###≈≈....
≈≈#......#o≈≈≈P##
≈≈.(.....@≈≈≈≈≈..
.##.≈≈≈#......#≈≈≈≈P..
..P≈≈.###....###.≈≈..#
...≈≈≈≈#......#≈≈≈P...
...≈≈≈≈........≈≈≈..P.
.#.≈≈≈≈#......#≈≈≈≈.##
#..≈≈.###....###.≈≈.P.
...≈≈≈≈#......#≈≈≈≈..#
...≈≈≈≈........≈≈≈P.


You could see an orc priest.

Vanquished Creatures
  3 gnolls (D:2)
  A worm (D:2)
  A dart slug (D:1)
  4 ball pythons
  4 endoplasms
  A giant cockroach (D:1)
  2 hobgoblins (D:1)
  2 bats
  3 frilled lizards
  A goblin (D:1)
  4 kobolds
  2 rats (D:1)
28 creatures vanquished.

Vanquished Creatures (collateral kills)
  2 orcs (D:2)
  A rat (D:2)
3 creatures vanquished.

Vanquished Creatures (others)
  A gnoll (D:2)
  A giant cockroach (D:2)
  22 plants (D:2)
24 creatures vanquished.

Grand Total: 55 creatures vanquished

Notes
Turn   | Place    | Note
-------+----------+-------------------------------------------
     0 | D:1      | ragingrage the Gargoyle Artificer began the quest for the
                  | Orb.
     0 | D:1      | Reached XP level 1. HP: 12/12 MP: 1/1
   124 | D:1      | Reached skill level 1 in Dodging
   124 | D:1      | Reached XP level 2. HP: 7/16 MP: 2/2
   798 | D:1      | Reached skill level 3 in Evocations
  1442 | D:2      | Found a shadowy altar of Dithmenos.
  1472 | D:2      | Found Efydog's Jewellery Shop.
  1484 | D:2      | Reached XP level 3. HP: 20/21 MP: 3/3
  1500 | D:2      | Found Jafri's General Store.
  1525 | D:2      | Found Edaleec's Armour Boutique.
  1528 | D:2      | Found Baeg's Book Shop.
  1754 | D:2      | Reached XP level 4. HP: 8/27 MP: 4/4
  2675 | D:2      | Killed from afar by an orc priest

Illustrated notes

Levels and vault maps discovered:
D:1:      sevenhm_arrival_forest_fort_small_4, layout_basic,
          nicolae_eternal_life
D:2:      wad_lake_hut, layout_rooms, basic_altar, serial_shops,
          nicolae_shop_hallway_plus, nicolae_shop_stone, shop,
          nicolae_shop_waterfront, minmay_tiny_reverse_x

Skill      XL: |  1  2 |
---------------+-------+-----
Dodging        | 1 |  1.0
Evocations     | 3 |  3.5
Fighting       | 2 |  2.8
Armour         | |  2.3
Stealth        | |  1.3

Action                   |  1- 3 |  4- 6 || total
-------------------------+-------+-------++-------
Melee: Club              |    95 |       ||    95
       Spear             |    25 |    37 ||    62
       Punch             |     2 |     1 ||     3
Evoke: Wand              |     7 |     2 ||     9
 Stab: Sleeping          |     4 |       ||     4
Armor: Leather armour    |    61 |    29 ||    90
Dodge: Dodged            |    86 |    35 ||   121

Table legend: (Time is in decaauts)
 A = Elapsed time spent in this place.
 B = Non-inter-level travel time spent in this place.
 C = Inter-level travel time spent in this place.
 D = Time resting spent in this place.
 E = Time spent auto-exploring this place.
 F = Levels seen in this place.
 G = Mean time per level.
                   A        B        C        D        E       F      G
               +--------+--------+--------+--------+--------+-----+--------+
         Total |   2715 |   2689 |     26 |    859 |   1332 |   2 | 1357.5 |
       Dungeon |   2715 |   2689 |     26 |    859 |   1332 |   2 | 1357.5 |
               +--------+--------+--------+--------+--------+-----+--------+

Top non-repeatable levels by time:
     D:1: 1613 daAuts
     D:2: 1102 daAuts
